 Dungeon Crawl Stone Soup version 0.27-a0-1291-geefcff550b (webtiles) character file.

Game seed: 13490819506850922311

16181 spiderkeys the Fighter (level 12, -1/91 (112) HPs)
             Began as a Minotaur Abyssal Knight on June 15, 2021.
             Was a High Priest of Lugonu.
             Killed from afar by Nergalle (33 damage)
             ... with a bolt of negative energy
             ... on level 11 of the Dungeon.
             The game lasted 00:15:41 (12256 turns).

spiderkeys the Fighter (Minotaur Abyssal Knight)   Turns: 12256, Time: 00:15:41

HP:   -1/91 (112)   AC: 25    Str: 21    XL:     12   Next: 7%
MP:   27/27         EV:  7    Int:  9    God:    Lugonu [*****.]
Gold: 610           SH:  5    Dex:  7    Spells: 11/11 levels left

rFire    . . .     SeeInvis +   B - +0 trident (venom)
rCold    + . .     Faith    .   (no shield)
rNeg     . . .     Spirit   .   D - +2 plate armour {rPois}
rPois    +         Reflect  +   (helmet restricted)
rElec    +         Harm     .   r - +2 cloak
rCorr    .         Rampage  .   f - +0 pair of gloves
Will     .....                  A - +1 pair of boots
Stlth    ..........             c - amulet of reflection
HPRegen  0.25/turn              v - ring of see invisible
MPRegen  0.20/turn              G - ring of Liberty {rElec rPois rC+ MP+9 Dex-4}

@: about to teleport, heavily drained
A: horns 2, retaliatory headbutt
a: Renounce Religion, Depart the Abyss, Bend Space, Banish, Corrupt, Enter the
Abyss


You were on level 11 of the Dungeon.
You worshipped Lugonu.
Lugonu was extremely pleased with you.
You visited 1 branch of the dungeon, and saw 11 of its levels.
You visited the Abyss 1 time.

You collected 760 gold pieces.
You spent 150 gold pieces at shops.


Innate Abilities, Weirdness & Mutations

You have a pair of horns on your head.
You reflexively headbutt those who attack you in melee.


   Skills:
 + Level 12.2 Fighting
 + Level 11.9 Polearms
 + Level 11.9 Armour
 - Level 1.1 Dodging
 + Level 10.1 Invocations


You had 11 spell levels left.
You didn't know any spells.
Your spell library contained the following spells:

 Spells                   Type           Power      Damage    Failure   Level
 Beastly Appendage        Tmut           0%         N/A       99%         1
 Magic Dart               Conj           0%         1d3       99%         1
 Ensorcelled Hibernation  Hex/Ice        0%         N/A       100%        2
 Searing Ray              Conj           0%         3d3       100%        2
 Wereblood                Tmut           0%         N/A       100%        2
 Dazzling Flash           Conj/Hex       0%         N/A       100%        3
 Spider Form              Tmut/Pois      0%         N/A       100%        3
 Animate Armour           Summ/Erth      0%         N/A       100%        4
 Fulminant Prism          Conj/Hex       0%         3d6       100%        4
 Ice Form                 Ice/Tmut       0%         N/A       100%        4
 Iskenderun's Mystic Bla  Conj/Tloc      0%         2d3       100%        4
 Borgnjor's Vile Clutch   Necr/Erth      0%         N/A       100%        5
 Silence                  Hex/Air        0%         N/A       100%        5
 Shadow Creatures         Summ           N/A        N/A       100%        6

Inventory:

Hand Weapons
 a - a +1 spear of protection
 B - a +0 trident of venom (weapon)
   (You took it off an orc on level 7 of the Dungeon)
Missiles
 b - 6 datura-tipped darts
 e - 251 arrows
 g - 16 bolts
 h - 297 stones
 i - 5 silver boomerangs
 m - 39 poisoned darts
 s - 60 sling bullets
 y - a throwing net {=f!f}
 H - 6 javelins
 K - 3 atropa-tipped darts
Armour
 f - a +0 pair of gloves (worn)
   (You found it on level 1 of the Dungeon)
 r - a +2 cloak (worn)
   (You found it on level 3 of the Dungeon)
 A - a +1 pair of boots (worn)
   (You found it on level 6 of the Dungeon)
 D - a +2 plate armour of poison resistance (worn)
   (You took it off an orc on level 5 of the Dungeon)
Jewellery
 c - an amulet of reflection (around neck)
   (You found it on level 2 of the Abyss)
 j - a ring of willpower
   (You found it on level 1 of the Dungeon)
 v - a ring of see invisible (left hand)
   (You found it on level 8 of the Dungeon)
 F - a ring of protection from fire
   (You found it on level 2 of the Abyss)
 G - the ring of Liberty (right hand) {rElec rPois rC+ MP+9 Dex-4}
   (You found it on level 9 of the Dungeon)

   [ring of magical power]

   It affects your dexterity (-4).
   It protects you from cold.
   It insulates you from electricity.
   It protects you from poison.
   It affects your magic capacity (+9).
 I - a +6 ring of intelligence
   (You found it on level 8 of the Dungeon)
Wands
 w - a wand of digging (5)
   (You found it on level 6 of the Dungeon)
 C - a wand of iceblast (13)
   (You found it on level 8 of the Dungeon)
 N - a wand of flame (15)
   (You took it off Maurice on level 10 of the Dungeon)
Scrolls
 l - 6 scrolls of teleportation {@r4}
 p - a scroll of immolation {!r!r}
 t - a scroll of enchant weapon
 J - 2 scrolls of magic mapping {!r}
 L - a scroll of torment {!r}
Potions
 d - 3 potions of curing {@q1}
 k - a potion of mutation {!q}
 n - 2 potions of lignification {!q}
 o - 2 potions of degeneration {!q}
 q - 2 potions of brilliance
 u - a potion of attraction {!q}
 x - 4 potions of heal wounds {@q2}
 z - a potion of magic {unknown}
 E - 2 potions of ambrosia

Dungeon Overview and Level Annotations

Branches:
Dungeon (11/15)            Temple (0/1) D:6            Lair (0/6) D:8
    Orc (0/2) D:11

Altars:
Ashenzari
Cheibriados
Elyvilon
Fedhas
Gozag
Hepliaklqana
Nemelex Xobeh
Okawaru
Ru
Sif Muna
Vehumet
Yredelemnul
Zin

Shops:
D:8 !

Portals:
Trove: D:10 (give +6 demon whip)

Annotations:
D:11 Nergalle

.###.. .#...#### # #...#
##..#.##.##....# .# #...#
.#..##.#.#).##.##.# #...#
###.#.....#.......# #...#
# #..##.##......### #...#
# ###.#.#####..######...#
# #.#...#.#..#...#o##...#
###......##...#.#ZZ.....#
##.##.#..#..#...@Z##(.###
####.##.#.#.########..#
####.####### #######..#
.........# .........#
....###+## .......o.#
........ .........#
#####.... .........#
..... .........# ....
.........#


You could see Nergalle (poisoned), a spectral orc warrior (summoned) and 2
spectral orc knights.


Message History

Press: ? - help, Dir - move target, f/p - Nergalle
Aim: Nergalle, wielding a +0 dagger and wearing a +0 robe (about 39% to evade your +0 trident of venom)
You reach to attack!
You hit Nergalle but do no damage.
Nergalle is poisoned.
You block the spectral orc knight's attack.
Reach: B) +0 trident (venom)
Press: ? - help, Dir - move target, f/p - Nergalle
Aim: Nergalle, wielding a +0 dagger and wearing a +0 robe (lightly wounded, very poisoned, about 38% to evade your +0 trident of venom)
The spectral orc knight is in the way.
You hit the spectral orc knight but do no damage.
You headbutt the spectral orc knight. Nergalle casts a spell at you.
The bolt of negative energy hits the spectral orc knight.
The spectral orc knight completely resists.
The bolt of negative energy hits you!
You feel drained.
The spectral orc knight hits you but does no damage. 😕 HP[-9]
You now have 107 max hp (-3).
You take 9 damage, and now have 88/107 hp.
Reach: B) +0 trident (venom)
Press: ? - help, Dir - move target, f/p - Nergalle
Aim: Nergalle, wielding a +0 dagger and wearing a +0 robe (lightly wounded, very poisoned, about 38% to evade your +0 trident of venom)
The spectral orc knight is in the way.
You hit the spectral orc knight but do no damage.
You headbutt the spectral orc knight.
The spectral orc knight hits you but does no damage.
Reach: B) +0 trident (venom)
Press: ? - help, Dir - move target, f/p - Nergalle
Aim: Nergalle, wielding a +0 dagger and wearing a +0 robe (lightly wounded, very poisoned, about 38% to evade your +0 trident of venom)
The spectral orc knight is in the way.
You puncture the spectral orc knight!
The spectral orc knight closely misses you. 😕 HP[+1] Reach: B) +0 trident (venom)
Press: ? - help, Dir - move target, f/p - Nergalle
Aim: Nergalle, wielding a +0 dagger and wearing a +0 robe (lightly wounded, very poisoned, about 39% to evade your +0 trident of venom)
The spectral orc knight is in the way.
You hit the spectral orc knight. You headbutt the spectral orc knight!
You block the spectral orc knight's attack.
Reach: B) +0 trident (venom)
Press: ? - help, Dir - move target, f/p - Nergalle
Aim: Nergalle, wielding a +0 dagger and wearing a +0 robe (lightly wounded, very poisoned, about 38% to evade your +0 trident of venom)
The spectral orc knight is in the way.
You hit the spectral orc knight but do no damage.
Your headbutt misses the spectral orc knight.
The spectral orc knight barely misses you.
Nergalle points at you and mumbles some strange words.
The bolt of negative energy hits the spectral orc knight.
The spectral orc knight completely resists.
The bolt of negative energy hits you!!
You feel drained. 😮 HP[-27]
You now have 102 max hp (-5).
You take 27 damage, and now have 62/102 hp.
MASSIVE DAMAGE!! (PAUSE) Reach: B) +0 trident (venom)
Press: ? - help, Dir - move target, f/p - Nergalle
Aim: Nergalle, wielding a +0 dagger and wearing a +0 robe (lightly wounded, poisoned, about 38% to evade your +0 trident of venom)
The spectral orc knight is in the way.
You hit the spectral orc knight but do no damage.
You headbutt the spectral orc knight, but do no damage.
The spectral orc knight hits you but does no damage.
Nergalle gestures at you while chanting.
Orcish apparitions take form around you.
Reach: B) +0 trident (venom)
Press: ? - help, Dir - move target, f/p - Nergalle
Aim: Nergalle, wielding a +0 dagger and wearing a +0 robe (lightly wounded, poisoned, about 39% to evade your +0 trident of venom)
The spectral orc knight is in the way.
You hit the spectral orc knight. You headbutt the spectral orc knight.
The spectral orc knight hits you but does no damage.
Reach: B) +0 trident (venom)
Press: ? - help, Dir - move target, f/p - Nergalle
Aim: Nergalle, wielding a +0 dagger and wearing a +0 robe (lightly wounded, poisoned, about 38% to evade your +0 trident of venom)
You reach to attack!
You barely miss Nergalle.
The spectral orc knight hits you with a +2 great sword.
Nergalle gestures at you while chanting.
The bolt of negative energy hits the spectral orc knight.
The spectral orc knight completely resists.
The bolt of negative energy hits you!!
You feel drained.
* * * LOW HITPOINT WARNING * * *
The spectral orc knight hits you but does no damage.
The spectral orc warrior hits you but does no damage. 😨 HP[-27]
You now have 97 max hp (-5).
You take 27 damage, and now have 35/97 hp.
MASSIVE DAMAGE!! (PAUSE)
The spectral orc knight hits you with a +2 great sword.
* * * LOW HITPOINT WARNING * * *
😨 HP[-3]
You take 3 damage, and now have 32/97 hp.
As you read the scroll of teleportation {@r4}, it crumbles to dust.
You feel strangely unstable.
You block the spectral orc knight's attack.
The spectral orc warrior hits you but does no damage.
Nergalle casts a spell at you.
The bolt of negative energy hits the spectral orc warrior.
The spectral orc warrior completely resists.
The bolt of negative energy hits you!!
You feel drained.
You die...

Skill      XL: |  1  2  3  4  5  6  7  8  9 10 11 |
---------------+----------------------------------+-----
Invocations    | 2 3 4 5 6 7 8 10 | 10.1
Polearms       | 3 4 5 6 7 9 10 11 | 11.9
Fighting       | 4 5 7 9 10 12 | 12.2
Armour         | 3 4 6 7 9 10 11 | 11.9
Dodging        | |  1.1

Action                   |  1- 3 |  4- 6 |  7- 9 | 10-12 || total
-------------------------+-------+-------+-------+-------++-------
Melee: Spear             |    72 |   208 |   318 |    44 ||   642
       Headbutt          |    10 |    35 |    67 |   127 ||   239
       Trident           |       |       |    66 |   545 ||   611
Invok: Depart the Abyss  |     1 |       |       |       ||     1
       Bend Space        |       |       |     1 |       ||     1
Evoke: Wand              |       |       |       |     3 ||     3
  Use: Scroll            |     4 |     7 |     4 |     6 ||    21
       Potion            |       |       |     1 |       ||     1
Armor: Leather armour    |     2 |       |       |       ||     2
       Plate armour      |    17 |    87 |   213 |   227 ||   544
Dodge: Dodged            |     9 |    32 |    68 |   112 ||   221
Block: Other             |    11 |    31 |    63 |    74 ||   179
       Reflection        |     2 |       |     1 |     2 ||     5

Levels and vault maps discovered:
D:1:      tarquinn_simple_flora_water_c, layout_basic
D:2:      layout_basic, basic_altar, minmay_misc_feat_nine_boxes
D:3:      cheibrodos_old_hovel, layout_loops_ring,
          nicolae_sif_muna_little_library, fedhas_ov_isle_minmay, uniq_terence,
          uniq_natasha
D:4:      layout_loops_cross, serial_bayou_pond_b
D:5:      layout_layer_cave, nrook_mini_backslash, kennysheep_generic_room_13
D:6:      layout_rooms, minmay_temple_entry_glass, uniq_pikel
D:7:      layout_basic, okawaru_altar_gauntlet_db, jmf_multi_god_temple
D:8:      layout_cave_pools, lemuel_round_altar, marbit_many_paths,
          dpeg_lair_monsters, gammafunk_ghost_necromancy, serial_shops,
          kennysheep_mini_moat, glass_columns_b
D:9:      layout_roguey, special_room [special_room_orc], uniq_erica, uniq_grum
D:10:     layout_gridville, minitemple, enter_trove_1, grunt_ministairs_1,
          uniq_maurice, uniq_josephine
D:11:     minmay_angry_zag, layout_irregular_city, zombieorc1_lemuel,
          serial_shops, shop, corexii_leaking_fountain,
          ashenzari_conservatory_becter, uniq_nergalle, uniq_snorg

Notes
Turn   | Place    | Note
-------+----------+-------------------------------------------
     0 | Abyss:1  | spiderkeys the Minotaur Abyssal Knight began the quest for
                  | the Orb.
     0 | Abyss:1  | Reached XP level 1. HP: 19/19 MP: 1/1
     0 | Abyss:1  | magus.rc [v1.9.10]
    93 | Abyss:2  | Noticed a large abomination
   106 | D:1      | You pass through the gate.
   106 | D:1      | Escaped the Abyss
   160 | D:1      | Reached * piety under Lugonu
   275 | D:1      | Reached skill level 2 in Invocations
   275 | D:1      | Reached XP level 2. HP: 27/27 MP: 2/2
   382 | D:1      | Reached skill level 3 in Polearms
   533 | D:1      | Reached skill level 4 in Fighting
   651 | D:1      | Reached XP level 3. HP: 33/33 MP: 3/3
   881 | D:2      | Reached skill level 3 in Armour
   898 | D:2      | Reached XP level 4. HP: 30/40 MP: 4/4
  1259 | D:2      | Reached ** piety under Lugonu
  1437 | D:2      | Found a blossoming altar of Fedhas.
  1809 | D:3      | Noticed Natasha
  1814 | D:3      | Killed Natasha
  1815 | D:3      | Reached XP level 5. HP: 47/47 MP: 6/6
  1821 | D:3      | Reached skill level 3 in Invocations
  1826 | D:3      | Noticed Natasha
  1835 | D:3      | Killed Natasha
  1836 | D:3      | Reached skill level 4 in Polearms
  2128 | D:3      | Found a blossoming altar of Fedhas.
  2188 | D:3      | Noticed Terence
  2207 | D:3      | Killed Terence
  2208 | D:3      | Reached skill level 4 in Armour
  2234 | D:3      | Noticed Natasha
  2242 | D:3      | Killed Natasha
  2243 | D:3      | Reached skill level 5 in Fighting
  2286 | D:3      | Found a shimmering blue altar of Sif Muna.
  2459 | D:4      | Reached XP level 6. HP: 56/56 MP: 7/7
  2799 | D:4      | Reached *** piety under Lugonu
  3315 | D:5      | Entered Level 5 of the Dungeon
  3322 | D:5      | You pick up a book of Changes and begin reading...
  3322 | D:5      | You add the spells Beastly Appendage, Wereblood, Spider
                  | Form and Ice Form to your library.
  3394 | D:5      | Reached skill level 5 in Polearms
  3474 | D:5      | Reached skill level 4 in Invocations
  3474 | D:5      | Reached XP level 7. HP: 62/62 MP: 7/9
  3548 | D:5      | Reached skill level 5 in Armour
  3934 | D:5      | You pick up a book of Conjurations and begin reading...
  3934 | D:5      | You add the spells Magic Dart, Searing Ray, Dazzling Flash,
                  | Fulminant Prism and Iskenderun's Mystic Blast to your
                  | library.
  4468 | D:6      | Reached skill level 6 in Fighting
  4559 | D:6      | Found a staircase to the Ecumenical Temple.
  4570 | D:6      | Noticed Pikel
  4621 | D:5      | HP: 15/63 [lemure[Pikel] (6)]
  4633 | D:5      | HP: 12/63 [lemure[Pikel] (1)]
  5074 | D:6      | Killed Pikel
  5075 | D:6      | Reached skill level 7 in Fighting
  5075 | D:6      | Reached skill level 6 in Polearms
  5075 | D:6      | Reached skill level 6 in Armour
  5075 | D:6      | Reached skill level 5 in Invocations
  5075 | D:6      | Reached XP level 8. HP: 47/73 MP: 10/10
  5907 | D:7      | Reached skill level 7 in Polearms
  5965 | D:7      | Reached skill level 7 in Armour
  6088 | D:7      | Found a sacrificial altar of Ru.
  6088 | D:7      | Found a broken altar of Ashenzari.
  6125 | D:7      | Reached skill level 6 in Invocations
  6143 | D:7      | Reached XP level 9. HP: 70/81 MP: 12/12
  6220 | D:7      | Reached skill level 8 in Fighting
  6924 | D:7      | Found an iron altar of Okawaru.
  7107 | D:8      | Noticed a death yak
  7107 | D:8      | Noticed a death yak
  7132 | D:7      | Killed a death yak
  7133 | D:7      | Reached skill level 8 in Polearms
  7133 | D:7      | Reached skill level 8 in Armour
  7164 | D:8      | HP: 6/82 [death yak (15)]
  7172 | D:8      | HP: 9/82 [yak (7)]
  7533 | D:8      | Found a runed translucent gate.
  7533 | D:8      | Found a runed translucent gate.
  7533 | D:8      | Found a runed translucent gate.
  7547 | D:8      | Found a staircase to the Lair.
  7637 | D:8      | Reached skill level 7 in Invocations
  7641 | D:8      | Found an opulent altar of Gozag.
  7669 | D:8      | Reached skill level 9 in Fighting
  7714 | D:8      | Found a hazy altar of Hepliaklqana.
  7730 | D:8      | Found Jitip's Distillery.
  7733 | D:8      | Bought a potion of heal wounds for 75 gold pieces
  7733 | D:8      | Bought a potion of heal wounds for 75 gold pieces
  7901 | D:8      | Noticed a death yak
  7969 | D:7      | HP: 7/83 [death yak (20)]
  7978 | D:7      | Killed a death yak
  7979 | D:7      | Reached skill level 9 in Polearms
  7979 | D:7      | Reached skill level 9 in Armour
  7979 | D:7      | Reached XP level 10. HP: 10/91 MP: 14/14
  8396 | D:8      | Noticed karkarkar's ghost (novice MiBe)
  8496 | D:8      | Killed a death yak
  8507 | D:8      | Reached skill level 8 in Invocations
  8781 | D:8      | Killed karkarkar's ghost
  8782 | D:8      | Reached skill level 10 in Fighting
  9179 | D:9      | Reached **** piety under Lugonu
  9182 | D:9      | Reached skill level 10 in Polearms
  9296 | D:9      | Noticed Grum
  9305 | D:9      | Reached skill level 10 in Armour
  9319 | D:9      | Killed Grum
  9480 | D:9      | Identified the ring of Liberty {rElec rPois rC+ MP+9 Dex-4}
  9893 | D:9      | Noticed Erica
  9913 | D:9      | Killed Erica
  9914 | D:9      | Reached XP level 11. HP: 84/101 MP: 16/16
 10319 | D:10     | Entered Level 10 of the Dungeon
 10388 | D:10     | Reached skill level 9 in Invocations
 10432 | D:10     | Reached skill level 11 in Fighting
 10530 | D:10     | Noticed a deep elf pyromancer
 10540 | D:10     | Killed a deep elf pyromancer
 10806 | D:10     | Noticed Josephine
 10815 | D:10     | Killed Josephine
 10816 | D:10     | Reached skill level 11 in Polearms
 10816 | D:10     | Reached skill level 11 in Armour
 10876 | D:10     | HP: 25/103 [yak (11)]
 10886 | D:10     | Reached ***** piety under Lugonu
 11301 | D:10     | Noticed a two-headed ogre
 11317 | D:10     | Killed a two-headed ogre
 11391 | D:10     | Found a sparkling altar of Nemelex Xobeh.
 11391 | D:10     | Found a basalt altar of Yredelemnul.
 11404 | D:10     | Found a portal to a secret trove of treasure.
 11410 | D:10     | Identified the +0 robe of Beogh's Brutal Revenge {Int+3}
 11412 | D:10     | Noticed Maurice
 11431 | D:10     | Killed Maurice
 11477 | D:10     | Found a white marble altar of Elyvilon.
 11480 | D:10     | Found a radiant altar of Vehumet.
 11482 | D:10     | Found a snail-covered altar of Cheibriados.
 11484 | D:10     | Found a glowing silver altar of Zin.
 11556 | D:10     | This trove needs a +6 demon whip to function. Give it the
                  | item?
 11748 | D:11     | You pick up a book of Dreams and begin reading...
 11748 | D:11     | You add the spells Ensorcelled Hibernation, Animate Armour,
                  | Borgnjor's Vile Clutch, Silence and Shadow Creatures to
                  | your library.
 11792 | D:11     | Noticed a cyan ugly thing
 11808 | D:11     | Killed a cyan ugly thing
 11884 | D:11     | Noticed Snorg
 11897 | D:11     | Killed Snorg
 11898 | D:11     | Reached skill level 12 in Fighting
 11898 | D:11     | Reached skill level 10 in Invocations
 11955 | D:11     | Found a broken altar of Ashenzari.
 12126 | D:11     | Found a staircase to the Orcish Mines.
 12127 | D:11     | Noticed an orc sorcerer
 12136 | D:11     | Killed an orc sorcerer
 12137 | D:11     | Reached XP level 12. HP: 112/112 MP: 18/18
 12222 | D:11     | Noticed Nergalle
 12256 | D:11     | Killed from afar by Nergalle

Vanquished Creatures
  Snorg (D:11)
  Josephine (D:10)
  A two-headed ogre (D:10)
  Erica (D:9)
  3 death yaks
  The ghost of karkarkar the Cleaver, a novice MiBe of Trog (D:8)
  Pikel (D:6)
  A deep elf pyromancer (D:10)
  An ugly thing (D:11)
  An orc sorcerer (D:11)
  A cyclops (D:11)
  A centaur zombie (D:8)
  Maurice (D:10)
  3 hornets
  2 shadows (D:11)
  20 yaks
  6 wraiths (D:10)
  Grum (D:9)
  2 acid dragons
  2 water moccasins (D:7)
  A black bear (D:7)
  2 sky beasts
  An orc warrior (D:9)
  2 ice beasts
  A necrophage (D:6)
  An ogre (D:6)
  3 centaurs
  2 wolves (D:9)
  2 phantoms
  A kobold brigand (D:7)
  4 lemures (D:5)
  A wyvern zombie (D:8)
  3 bullfrogs
  4 scorpions
  A troll zombie (D:11)
  3 killer bees (D:9)
  2 howler monkeys (D:9)
  A gnoll shaman (D:5)
  2 hounds
  2 bullfrog skeletons
  3 orc priests
  A centaur skeleton (D:8)
  3 iguanas
  Terence (D:3)
  Natasha (thrice) (D:3)
  6 orc wizards
  A killer bee zombie (D:9)
  5 ogre zombies (D:11)
  A spectral howler monkey (D:8)
  A hound skeleton (D:5)
  A howler monkey zombie (D:8)
  8 gnolls
  4 adders
  2 white imps
  An adder zombie (D:5)
  A worm (D:2)
  4 dart slugs
  50 orcs
  7 endoplasms
  6 giant cockroaches
  3 goblins
  A hobgoblin (D:4)
  4 quokkas
  4 ball pythons
  4 bats
  6 frilled lizards
  A goblin skeleton (D:11)
  2 goblin zombies (D:11)
  A hobgoblin skeleton (D:11)
  4 hobgoblin zombies (D:11)
  6 kobolds
  An orc skeleton (D:11)
  6 orc zombies (D:11)
  6 rats (D:1)
248 creatures vanquished.

Table legend:
 A = Non-vault XP
 B = Vault XP
 C = Vault XP percentage of total XP
 D = Non-vault monster count
 E = Vault monster count
 F = Vault count percentage of total count
                 A         B        C        D         E       F
            +---------+---------+-------+---------+---------+-------
      Total |    9873 |   13243 |  57.3 |     161 |      83 |  34.0
            +---------+---------+-------+---------+---------+-------
        D:1 |      43 |       0 |   0.0 |      24 |       0 |   0.0
        D:2 |      94 |       0 |   0.0 |      12 |       0 |   0.0
        D:3 |     127 |      75 |  37.1 |      23 |       3 |  11.5
        D:4 |     194 |      45 |  18.8 |      16 |       2 |  11.1
        D:5 |     341 |      44 |  11.4 |      15 |       1 |   6.2
        D:6 |     639 |     629 |  49.6 |       9 |       1 |  10.0
        D:7 |     797 |    1989 |  71.4 |      10 |      10 |  50.0
        D:8 |     561 |    2862 |  83.6 |       3 |      11 |  78.6
        D:9 |    2093 |    1529 |  42.2 |      18 |      20 |  52.6
       D:10 |    3620 |    3660 |  50.3 |      19 |       9 |  32.1
       D:11 |    1364 |    2410 |  63.9 |      12 |      26 |  68.4
            +---------+---------+-------+---------+---------+-------

Illustrated notes

Table legend:
 A = Kills in this place as a percentage of kills in entire the game.
 B = Kills by you in this place as a percentage of kills by you in the entire game.
 C = Kills by friends in this place as a percentage of kills by friends in the entire game.
 D = Other kills in this place as a percentage of other kills in the entire game.
 E = Experience gained in this place as a percentage of experience gained in the entire game.
 F = Experience gained in this place divided by the number of levels of this place that you have seen.
                   A       B       C       D       E      F
               +-------+-------+-------+-------+-------+----------------------
         Total | 100.0 | 100.0 |   N/A |   N/A | 100.0 | 1778.2
       Dungeon | 100.0 | 100.0 |   N/A |   N/A | 100.0 | 2101.5
               +-------+-------+-------+-------+-------+----------------------

Table legend: (Time is in decaauts)
 A = Elapsed time spent in this place.
 B = Non-inter-level travel time spent in this place.
 C = Inter-level travel time spent in this place.
 D = Time resting spent in this place.
 E = Time spent auto-exploring this place.
 F = Levels seen in this place.
 G = Mean time per level.
                   A        B        C        D        E       F      G
               +--------+--------+--------+--------+--------+-----+--------+
         Total |  12031 |  11374 |    657 |    344 |   9136 |  13 |  925.5 |
       Dungeon |  11925 |  11268 |    657 |    344 |   9063 |  11 | 1084.1 |
         Abyss |    105 |    105 |      0 |      0 |     73 |   2 |   52.5 |
               +--------+--------+--------+--------+--------+-----+--------+

Top non-repeatable levels by time:
     D:7: 2022 daAuts
     D:5: 1469 daAuts
    D:10: 1391 daAuts
     D:9: 1222 daAuts
     D:8: 1202 daAuts
     D:6: 957 daAuts
     D:3: 872 daAuts
     D:4: 862 daAuts
     D:1: 763 daAuts
     D:2: 689 daAuts
    D:11: 472 daAuts
 Abyss:1: 82 daAuts
 Abyss:2: 23 daAuts
